Map: Alcyone LE

Players

MikeHunt

  • Race: Zerg Zerg
  • League: Platinum
  • Spawn Location: 7:00

A.I. 1 (Very Easy) - Winner!

  • Race: Protoss Protoss
  • Spawn Location: 1:00

VOD

Have the link to the VOD?

Description

2 Base Saturation by 3:30, 3rd otw, 5 Queens, ready to drop a Bane Nest or Roach Warren, etc

Time

  • Played on: Aug. 31, 2025, 10:03 p.m.
  • Length: 4:29
Show
View Real Time Build Order
Export as new Build Order

MikeHunt Zerg 

Build Orders: Hatch First 

Get SALT Encoding   

  12  0:00  Drone  
  13  0:07  Drone  
  14  0:14  Extractor  
  14  0:15  Drone  
  15  0:21  Overlord  
  15  0:40  Drone  
  16  0:46  Hatchery  
  15  0:51  Drone  
  15  0:55  Drone  
  17  0:57  Drone  
  18  1:09  Extractor  
  17  1:13  Spawning Pool  
  17  1:17  Drone  
  17  1:19  Drone  
  18  1:26  Drone  
  19  1:36  Overlord  
  19  1:47  Drone  
  20  2:00  Queen x2  
  24  2:01  Zergling x2  
  24  2:03  Zergling x2  
  26  2:10  Metabolic Boost  
  26  2:14  Drone  
  27  2:17  Drone  
  28  2:35  Drone  
  29  2:37  Drone  
  29  2:38  Hatchery  
  29  2:40  Drone  
  29  2:43  Drone  
  31  2:45  Drone  
  31  2:50  Overlord  
  32  2:58  Queen  
  32  3:01  Drone  
  32  3:03  Drone  
  36  3:10  Overlord  
  37  3:12  Drone  
  37  3:13  Drone  
  37  3:14  Drone  
  37  3:15  Drone  
  40  3:22  Queen  
  40  3:25  Drone  
  43  3:27  Drone  
  43  3:33  Queen  
  46  3:42  Drone x2  
  48  3:52  Drone x8  
  48  3:53  Drone  
  57  4:03  Extractor  
  57  4:04  Extractor  
  57  4:09  Roach Warren  
  54  4:11  Evolution Chamber  
Show
View Real Time Build Order
Export as new Build Order

A.I. 1 (Very Easy) Protoss - Winner!

Build Orders:  

Get SALT Encoding   

  12  0:00  Probe  
  13  0:13  Probe  
  14  0:19  Pylon  
  14  0:36  Assimilator  
  14  0:42  Gateway  
  14  0:45  Pylon  
  14  1:12  Assimilator  
  14  1:21  Zealot  
  14  1:22  Probe  
  14  1:30  Probe  
  17  1:32  Cybernetics Core  
  18  1:40  Probe  
  19  1:52  Probe  
  20  1:59  Warp Gate  
  20  2:01  Probe  
  21  2:09  Probe  
  22  2:31  Stalker  
Tags
 
League
Platinum
Matchup
PvZ
Spawn Locations
Cross Positions
Add a new tag
Caveats
  • Supply blocks, unpowered buildings, or Contaminate may cause inaccurate times.
  • Supply counts are checked every 10 seconds.